 Dungeon Crawl Stone Soup version 0.31-a0-354-g827e0957a7 (webtiles) character file.

Game seed: 9728292894610080907

1381 Bnni the Insei (level 8, -4/52 (54) HPs)
             Began as an Octopode Shapeshifter on July 24, 2023.
             Was an Initiate of Gozag.
             Slain by a wight
             ... wielding a +3 spear
              (10 damage)
             ... on level 6 of the Dungeon.
             The game lasted 00:05:43 (4393 turns).

Bnni the Insei (Octopode Shapeshifter)              Turns: 4393, Time: 00:05:44

HP:   -4/52 (54)    AC:  1    Str: 14    XL:     8   Next: 67%
MP:   8/8           EV: 14    Int: 16    God:    Gozag
Gold: 388           SH:  5    Dex: 21    Spells: 7/7 levels left

rFire   . .          .
                       - Unarmed
rCold   . . .        (no shield)
rNeg    . . .        (helmet currently unavailable)
rPois   .            n - amulet of reflection
rElec   .            l - +6 ring of intelligence
rCorr   .            r - +6 ring of dexterity
SInv    .            (no ring)
Will    .....        (no ring)
Stlth   ++++         (no ring)
HPRegen 0.28/turn    (no ring)
MPRegen 0.11/turn    (no ring)
                     (no ring)

%: reflection
@: beast-form, lightly drained
A: beast (slay +4), almost no armour, amphibious, 8 rings, camouflage 1,
gelatinous body 1, (nimble swimmer 1), tentacles
a: Begin Untransformation, Renounce Religion, Potion Petition, Call Merchant,
Bribe Branch


You were on level 6 of the Dungeon.
You worshipped Gozag.
Gozag was aware of your devotion.
You were a hulking beast.
You visited 2 branches of the dungeon, and saw 7 of its levels.

You collected 514 gold pieces.
You spent 46 gold pieces at shops.
You paid 80 gold pieces to Gozag.

Inventory:

Missiles
 p - 4 poisoned darts
 u - 3 curare-tipped darts
Jewellery
 l - a +6 ring of intelligence (left tentacle)
 n - an amulet of reflection (around mantle)
 r - a +6 ring of dexterity (right tentacle)
Talismans
 b - a beast talisman
Wands
 q - a wand of polymorph (12)
 v - a wand of paralysis (10)
Scrolls
 e - 2 scrolls of identify {unknown}
 h - 7 scrolls of teleportation {unknown}
 s - 2 scrolls of revelation {unknown}
 t - a scroll of fog {unknown}
 w - a scroll of fear {unknown}
Potions
 a - 2 potions of lignification
 c - 2 potions of cancellation
 d - 2 potions of berserk rage {unknown}
 f - a potion of mutation {unknown}
 g - 2 potions of might {unknown}
 i - a potion of attraction {unknown}
 j - a potion of haste {unknown}
 k - a potion of enlightenment {unknown}
 m - a potion of curing {unknown}
 o - a potion of resistance {unknown}


   Skills:
 + Level 4.4 Fighting
 - Level 2.0 Dodging
 + Level 2.7 Stealth
 * Level 7.0 Unarmed Combat
 * Level 6.1 Shapeshifting


You had 7 spell levels left.
You didn't know any spells.
Your spell library contained the following spells:

 Spells                   Type           Power      Damage    Failure   Level
 Summon Lightning Spire   Summ/Air       0%         N/A       94%         4
 Lee's Rapid Deconstruct  Erth           0%         3d4*      100%        5
 Animate Armour           Summ/Erth      Unusable   N/A       N/A         4

Dungeon Overview and Level Annotations

Branches:
Dungeon (6/15)             Temple (1/1) D:5

Altars:
Ashenzari
Cheibriados
Dithmenos
Elyvilon
Fedhas
Gozag
Kikubaaqudgha
Makhleb
Nemelex Xobeh
Qazlal
Ru
Uskayaw
Vehumet
Wu Jian
Xom
Yredelemnul
Zin
The Shining One

Shops:
D:5 *


Innate Abilities, Weirdness & Mutations

You are a hulking beast.
Your limbs bulge with bestial killing power. (Slay +4)
You cannot wear most types of armour.
You are amphibious.
You can wear up to eight rings at the same time.
Your skin changes colour to match your surroundings (Stealth+).
Your rubbery body absorbs attacks. (AC +1, EV +1)
((You are camouflaged when in or above water. (Stealth+)))
You have tentacles for arms and can constrict up to eight enemies at once.


Message History

The wight attacks as you move away! The wight hits you with a +2 war axe!
You barely miss the wight. You grab the wight.
The wight is heavily damaged.
You constrict the wight, but do no damage.
The wight struggles to escape constriction.
You tentacle-slap the wight. You squeeze the wight.
You destroy the wight!
Your life force feels restored.
You bludgeon the wight! You grab the wight.
The wight is severely damaged.
You constrict the wight. The wight misses you.
You tentacle-slap the wight.
You destroy the wight!
Your Unarmed Combat skill increases to level 7!
You tentacle-slap the orc priest but do no damage.
You grab the orc priest. You constrict the orc priest.
You tentacle-slap the orc priest but do no damage.
The orc priest is lightly wounded.
You constrict the orc priest. The orc priest hits you with a +0 mace!
You are too injured to fight recklessly!
You are too injured to fight recklessly!
You bludgeon the orc priest! You squeeze the orc priest.
You kill the orc priest!
The wight hits you from afar with a +3 spear!
You feel drained.
You are too injured to fight recklessly!
You tentacle-slap the orc wizard. Your grab misses the orc wizard.
The orc wizard is heavily wounded.
The orc wizard gestures at you while chanting.
The puff of flame hits you!
* * * LOW HITPOINT WARNING * * *
The wight hits you from afar with a +3 spear.
* * * LOW HITPOINT WARNING * * *
You feel drained.
It was a potion of cancellation.
You feel magically purged. The orc wizard casts a spell at you.
You resist with some effort.
The wight hits you from afar with a +3 spear!
You die...
Your body crumbles into a pile of gold.

#...o.# #..z## ##zo.#
# ###.#.###.#
#...#...#.#
#z#####...# ###
#..z#...### ..#
#.#####o..### #.#
#.....h.#.# #<#####
######....# ..>...#
#...## #.###.# #...#
#.# #.# #...# ..# #)#
#.))### ### #)#
#.....#
#####)##########...#.#
#...))).#.........##.#


You could see a wight and an orc wizard.

Vanquished Creatures
  2 ice beasts
  2 ogres (D:5)
  A phantom (D:6)
  3 scorpions
  2 wights (D:6)
  A jelly (D:4)
  Crazy Yiuf (D:5)
  2 orc priests
  3 hounds
  A gnoll bouda (D:6)
  Ijyb (D:3)
  3 iguanas
  3 orc wizards
  Robin (D:3)
  5 gnolls (D:6)
  9 adders
  4 worms
  3 dart slugs
  20 orcs
  3 endoplasms
  2 giant cockroaches
  12 goblins
  12 hobgoblins
  6 quokkas
  5 ball pythons
  5 bats
  4 frilled lizards
  4 kobolds
  8 rats
128 creatures vanquished.

Notes
Turn   | Place    | Note
-------+----------+-------------------------------------------
     0 | D:1      | Bnni the Octopode Shapeshifter began the quest for the Orb.
     0 | D:1      | Reached XP level 1. HP: 13/13 MP: 1/1
   142 | D:1      | Reached XP level 2. HP: 18/18 MP: 2/2
   664 | D:2      | Reached XP level 3. HP: 16/23 MP: 3/3
  1285 | D:2      | Reached XP level 4. HP: 26/29 MP: 4/4
  1382 | D:2      | Found a faded altar of an unknown god.
  1546 | D:3      | Found a basalt altar of Yredelemnul.
  1679 | D:3      | Noticed Ijyb
  1686 | D:3      | Killed Ijyb
  1687 | D:3      | Reached skill level 4 in Unarmed Combat
  1712 | D:3      | Found a sparkling altar of Nemelex Xobeh.
  1712 | D:3      | Noticed Robin
  1715 | D:3      | Reached XP level 5. HP: 34/34 MP: 5/5
  1722 | D:3      | Killed Robin
  1799 | D:3      | Found an ornate altar of the Wu Jian Council.
  2139 | D:4      | Identified the +4 long sword of the Countless Heavens
                  | {protect, +Blink}
  2211 | D:4      | Found a broken altar of Ashenzari.
  2300 | D:4      | Reached XP level 6. HP: 33/41 MP: 6/6
  2770 | D:4      | Reached skill level 5 in Unarmed Combat
  3052 | D:5      | Entered Level 5 of the Dungeon
  3243 | D:5      | Found a staircase to the Ecumenical Temple.
  3252 | D:5      | Reached XP level 7. HP: 32/46 MP: 7/7
  3254 | Temple   | Entered the Ecumenical Temple
  3269 | Temple   | Became a worshipper of Gozag Ym Sagoz the Greedy
  3305 | D:5      | Found Muotiept's Serpentskin Sales.
  3309 | D:5      | Bought 3 curare-tipped darts for 46 gold pieces
  3460 | D:5      | Reached skill level 5 in Shapeshifting
  3538 | D:5      | Reached skill level 6 in Unarmed Combat
  3661 | D:5      | Reached XP level 8. HP: 54/54 MP: 8/8
  4034 | D:5      | Found a runed translucent door.
  4035 | D:5      | Noticed Crazy Yiuf
  4042 | D:5      | Killed Crazy Yiuf
  4218 | D:6      | Reached skill level 1 in Stealth
  4385 | D:6      | Reached skill level 7 in Unarmed Combat
  4393 | D:6      | Slain by a wight

Illustrated notes

Levels and vault maps discovered:
D:1:      lightli_arrival_chessboard, layout_loops_ring,
          minmay_misc_feat_pillars
D:2:      layout_basic, shapermc_ecumenical_altar_mp_highgroup,
          solitary_fountain, minmay_tripent
D:3:      layout_rooms, pdpol_wu_jian_five_deadly_venoms,
          mainiacjoe_overflow_surrounded_room, mainiacjoe_overflow_24_doors,
          uniq_robin, uniq_ijyb
D:4:      layout_loops_corners, lemuel_tele_altar
D:5:      layout_loops_ring, minmay_temple_entry_proselytizer,
          guppyfry_shop_venom, uniq_crazy_yiuf_cottage
D:6:      layout_loops_cross, kennysheep_mini_moat, kennysheep_mini,
          grunt_ministairs_15, nicolae_stop_n_shop_2
Temple:   jpeg_temple_clearing

Skill      XL: |  1  2  3  4  5  6  7  8 |
---------------+-------------------------+-----
Fighting       | 2 3 4 |  4.4
Unarmed Combat | 4 5 6 7 |  7.0
Shapeshifting  | 4 5 6 |  6.1
Stealth        | 2 |  2.7
Dodging        | |  2.0

Action                     |  1- 3 |  4- 6 |  7- 9 || total
---------------------------+-------+-------+-------++-------
  Melee: Unarmed           |    68 |   109 |    90 ||   267
         Constrict         |    16 |    34 |    24 ||    74
         Tentacles         |     9 |    22 |    28 ||    59
         Punch             |     2 |     6 |     5 ||    13
  Throw: Dart              |       |       |     2 ||     2
    Use: Potion            |       |       |     1 ||     1
   Stab: Sleeping          |    13 |     6 |     4 ||    23
         Distracted        |       |       |     1 ||     1
 Armour: Skin              |     3 |     2 |       ||     5
  Dodge: Dodged            |    35 |    49 |    42 ||   126
  Block: Other             |     2 |    20 |    10 ||    32

Table legend: (Time is in decaauts)
 A = Elapsed time spent in this place.
 B = Non-inter-level travel time spent in this place.
 C = Inter-level travel time spent in this place.
 D = Time resting spent in this place.
 E = Time spent auto-exploring this place.
 F = Levels seen in this place.
 G = Mean time per level.
                   A        B        C        D        E       F      G
               +--------+--------+--------+--------+--------+-----+--------+
         Total |   4369 |   4223 |    146 |    354 |   3160 |   7 |  624.1 |
       Dungeon |   4338 |   4220 |    118 |    354 |   3160 |   6 |  723.0 |
        Temple |     30 |      2 |     28 |      0 |      0 |   1 |   30.0 |
               +--------+--------+--------+--------+--------+-----+--------+

Top non-repeatable levels by time:
     D:4: 1056 daAuts
     D:2: 929 daAuts
     D:5: 913 daAuts
     D:1: 594 daAuts
     D:3: 546 daAuts
     D:6: 299 daAuts
  Temple: 30 daAuts
